 Dungeon Crawl Stone Soup version 0.20.1-1-g8b1a95d (webtiles) character file.

307867 wolfsongas the Peltast (level 20, -8/160 HPs)
             Began as a Demonspawn Fighter on July 31, 2017.
             Was an Elder of Cheibriados.
             Mangled by a thrashing horror (17 damage)
             ... on level 3 of the Abyss on Aug 1, 2017.
             The game lasted 02:42:38 (31569 turns).

wolfsongas the Peltast (Demonspawn Fighter)        Turns: 31569, Time: 02:42:39

Health: -8/160     AC: 40    Str: 46    XL:     20   Next: 34%
Magic:  27/27      EV: 11    Int: 20    God:    Cheibriados [****..]
Gold:   3868       SH: 28    Dex: 17    Spells: 19/19 levels left

rFire    + + .     SeeInvis +   w - +6 mace of the Ghost {freeze, *Contam rElec rPois SInv}
rCold    + . .     Gourm    .   l - +0 large shield
rNeg     + + +     Faith    .   j - +1 crystal plate armour
rPois    +         Spirit   .   L - +2 hat "Emeasoap" {Stlth+}
rElec    +         Reflect  .   I - +0 cloak of Gopperr {rF+ rC+ Str+5 SInv}
rCorr    +         Harm     .   t - +2 pair of gloves
MR       ++...     Rnd*Rage +   x - +2 pair of boots of the Assassin {Detection Stab+ Stlth++}
Stlth    ..........             (no amulet)
Regen    4.8/turn               K - ring of Upsie {rCorr rF+ rN+++ Dex-4 Slay+2}
MPRegen  0.2/turn               H - ring of protection from magic

@: mighty, lethally poisoned (-8 -> -8), marked, very slightly contaminated,
studying Spellcasting, invisible (expiring), very slow
A: horns 1, iridescent scales 3, berserk 1, negative energy resistance 1,
powered by death 3, regeneration 1, spiny 2, 50% torment resistance, strong 1
}: 2/15 runes: barnacled, gossamer
a: Bend Time, Temporal Distortion, Slouch, Renounce Religion


You were on level 3 of the Abyss.
You worshipped Cheibriados.
Cheibriados was greatly pleased with you.
You were full.

You visited 7 branches of the dungeon, and saw 35 of its levels.
You visited the Abyss 1 time.
You also visited: Labyrinth and Bailey.

You collected 4540 gold pieces.
You spent 672 gold pieces at shops.

Inventory:

Hand Weapons
 w - the +6 mace of the Ghost (weapon) {freeze, *Contam rElec rPois SInv}
   (You found it on level 7 of the Dungeon)

   It has been specially enchanted to freeze those struck by it, causing extra
   injury to most foes and up to half again as much damage against particularly
   susceptible opponents.
   It can also slow down cold-blooded creatures.
   It insulates you from electricity.
   It protects you from poison.
   It lets you see invisible.
   It causes magical contamination when unequipped.
Armour
 j - a +1 crystal plate armour (worn)
 l - a +0 large shield (worn)
 t - a +2 pair of gloves (worn)
 x - the +2 pair of boots of the Assassin (worn) {Detection Stab+ Stlth++}
   (You acquired it on level 2 of the Spider Nest)

   It makes you much more stealthy.
 I - the +0 cloak of Gopperr (worn) {rF+ rC+ Str+5 SInv}
   (You acquired it on level 2 of the Lair of Beasts)

   It affects your strength (+5).
   It protects you from fire.
   It protects you from cold.
   It lets you see invisible.
 L - the +2 hat "Emeasoap" (worn) {Stlth+}
   (You acquired it on level 3 of the Spider Nest)

   It makes you more stealthy.
Jewellery
 b - the ring of Kassif {rF+ Str+3}
   (You found it in a labyrinth)

   [ring of strength]

   It affects your strength (+3).
   It protects you from fire.
 d - a +4 ring of slaying
 f - an uncursed ring of protection from fire
 y - a +5 amulet of reflection
 C - an uncursed ring of protection from fire
 E - an uncursed ring of protection from cold
 H - a ring of protection from magic (right hand)
 K - the ring of Upsie (left hand) {rCorr rF+ rN+++ Dex-4 Slay+2}
   (You found it on level 4 of the Lair of Beasts)

   [ring of resist corrosion]

   It affects your dexterity (-4).
   It affects your accuracy and damage with ranged weapons and melee attacks
   (+2).
   It protects you from fire.
   It renders you almost immune to negative energy.
 O - the ring "Waptuts" {EV+1 Str+3}
   (You found it in a labyrinth)

   [ring of evasion]

   It affects your evasion (+1).
   It affects your strength (+3).
Wands
 p - a wand of polymorph (8/24)
 M - a wand of disintegration (10/24)
 U - a wand of digging (11/24)
Scrolls
 c - a scroll of fog
 g - 9 scrolls of enchant weapon
 h - 12 scrolls of remove curse
 k - a scroll of amnesia
 s - 3 scrolls of recharging
 v - 2 scrolls of identify
 W - a scroll of magic mapping
Potions
 e - 13 potions of curing
 n - 3 potions of magic
 q - a potion of might
 z - 3 potions of lignification
 G - 3 potions of flight
 Q - 2 potions of mutation
 R - a potion of brilliance
 T - 2 potions of heal wounds
Books
 i - a manual of Spellcasting
Comestibles
 a - 7 meat rations
 B - a royal jelly


   Skills:
 + Level 14.4 Fighting
   Level 10.2(12.9) Axes
 - Level 13.0(14.2) Maces & Flails
 + Level 14.2 Armour
 + Level 6.5 Dodging
 + Level 4.4 Stealth
 + Level 20.6 Shields
 * Level 9.8 Invocations
 + Level 0.8 Evocations


You had 19 spell levels left.
You didn't know any spells.

Dungeon Overview and Level Annotations

Branches:
Dungeon (15/15)            Temple (0/1) D:5            Lair (6/6) D:11
 Shoals (4/4) Lair:2       Spider (4/4) Lair:2        Slime (0/5) Lair:6
    Orc (2/2) D:10            Elf (3/3) Orc:2        Vaults (1/5) D:14
 Depths (0/5) D:15

Altars:
Cheibriados
Makhleb
Vehumet
Xom
Yredelemnul
The Shining One
Beogh

Shops:
D:4 [((   D:5 [   D:10 !   Orc:2 (?(:   Elf:2 (   Shoals:4 }   Vaults:1 %

Portals:
Hell: Lair:6

Annotations:
D:14 exclusion: Roxanne, Roxanne
Lair:3 exclusion: 4 oklob plants
Vaults:1 Nikola


Innate Abilities, Weirdness & Mutations

You have a pair of small horns on your head.
You are completely covered in iridescent scales. (AC +6)
You resist negative energy. (rN+)
You regenerate a lot of health from kills.
You are mostly covered in sharp spines.
You are somewhat able to resist unholy torments (1 in 2 success).
You tend to lose your temper in combat.
Your natural rate of healing is unusually fast.
Your muscles are strong. (Str +2)


Message History

The thrashing horror tramples you but does no damage. x2
The merfolk impaler hits you but does no damage.
You hear a shout!
An efreet comes into view. It is wielding a scimitar of flaming.
Unknown command.
You flicker for a moment.
You feel sick.
The hell hog burns!
You block the thrashing horror's attack.
The thrashing horror tramples you but does no damage.
The thrashing horror churns violently!
The thrashing horror seems to grow stronger.
You block the smoke demon's attack.
The smoke demon hits you but does no damage. x2
You block the thrashing horror's attack.
The thrashing horror tramples you but does no damage.
The hell hog bites you but does no damage.
The merfolk impaler hits you but does no damage.
You are more poisoned.
The thrashing horror tramples you!
You die...

....'#######.#
.#.............
.....#.......# .
#...#(......#
§§##...#...∩...#
.#R....#...}...#
#......2.......#
.......hhm.....#
.......@X33....#
.##.#..###.#.#.....
..... .{.........
#..................
#......#..##....##..
..#...###. .....# ##
. #... . ..... ....
## ######


You could see a merfolk impaler, a blizzard demon, 2 hell hogs, a thrashing
horror, 2 smoke demons and an efreet.

Vanquished Creatures
  Arachne (Spider:2)
  Jorgrun (Shoals:4)
  2 deep elf master archers (Elf:3)
  3 deep elf blademasters
  The ghost of Saba the Merry Centaur, an adept CeHu of Okawaru (Spider:4)
  Gastronok (D:9)
  Kirke (Spider:1)
  5 deep elf sorcerers
  Louise (Shoals:4)
  5 emperor scorpions
  2 orc warlords
  A vault warden (Vaults:1)
  4 ghost moths (Spider:4)
  2 large abominations (Elf:3)
  3 deep elf elementalists (Elf:3)
  2 entropy weavers
  An ironheart preserver (Vaults:1)
  9 deep elf annihilators
  4 deep elf demonologists (Elf:3)
  A dire elephant (Lair:6)
  3 spark wasps (Spider:4)
  Snorg (Orc:1)
  An ettin (Orc:1)
  7 deep elf death magi
  A fire dragon (D:15)
  A merfolk impaler (Shoals:4)
  A minotaur (Lab)
  A deep elf high priest (Elf:3)
  A yaktaur captain (Vaults:1)
  Erolcha (D:9)
  8 vault guards (D:14)
  An ice dragon (D:15)
  A rakshasa (Vaults:1)
  Erica (D:8)
  2 death knights (D:14)
  2 merfolk avatars (Shoals:4)
  A merfolk aquamancer (Shoals:4)
  11 hydras
  13 two-headed ogres
  4 centaur warriors
  A satyr (Shoals:4)
  An alligator snapping turtle (Shoals:3)
  6 orc high priests
  42 dancing weapons
  2 deep troll earth magi (Vaults:1)
  A hell hog (Abyss:3)
  3 small abominations (Elf:3)
  2 thrashing horrors (Abyss:3)
  Urug (Lair:5)
  37 deep elf knights
  The ghost of Wingnut the Severer, a novice MiFi of Okawaru (Bailey)
  2 deep trolls (Vaults:1)
  A sixfirhy (Lair:6)
  2 unseen horrors
  5 sea snakes
  18 deep elf archers
  An ironbrand convoker (Vaults:1)
  A swamp dragon (shapeshifter) (Vaults:1)
  A wizard (Lair:6)
  A lindwurm (Lair:4)
  12 orc knights
  5 harpies
  8 orc sorcerers
  16 orb spiders
  63 deep elf magi
  14 fauns
  26 wolf spiders
  4 manticores
  7 ugly things
  10 cyclopes
  3 moths of wrath
  A merfolk siren (Shoals:3)
  19 elephants
  A vault sentinel (Vaults:1)
  Maurice (D:9)
  2 water nymphs
  The ghost of wolfsongas the Cleaver, a novice MiFi (D:4)
  A smoke demon (Lair:6)
  6 black mambas
  An orange demon (Lair:6)
  3 torpor snails
  3 gargoyles
  13 spiny frogs
  11 demonic crawlers
  7 yaktaurs
  2 freezing wraiths
  6 rime drakes
  12 komodo dragons
  A queen bee (Lair:4)
  3 ice devils (Lair:6)
  An entropy weaver simulacrum (Vaults:1)
  3 efreet
  A red devil (Lair:6)
  30 jumping spiders
  A wind drake (shapeshifter) (D:14)
  3 meliai (Lair:4)
  3 wind drakes (Shoals:4)
  11 merfolk
  13 trolls
  10 hornets
  2 polar bears (Lair:6)
  9 dream sheep
  21 blink frogs
  A polar bear (shapeshifter) (Elf:3)
  12 slime creatures
  14 hippogriffs
  A meliai zombie (D:13)
  5 snapping turtles
  42 redbacks
  6 air elementals
  A shadow (D:13)
  19 tarantellas
  4 water elementals (Shoals:4)
  A wyvern (shapeshifter) (Elf:3)
  62 yaks
  4 wyverns
  A vampire (D:15)
  A human (D:3)
  2 hogs (Spider:1)
  4 basilisks
  4 hungry ghosts
  3 fire elementals
  6 vampire mosquitoes
  7 wargs
  An acid dragon (D:15)
  Duvessa (D:6)
  An acid dragon (shapeshifter) (Vaults:1)
  4 hell hounds (Lair:6)
  7 porcupines
  16 water moccasins
  7 ice beasts
  68 orc warriors
  6 sky beasts
  2 black bears
  A phantom (D:6)
  An eye of draining (D:11)
  23 ogres
  A necrophage (D:9)
  The ghost of sambo the Poker, an amateur MfSk (D:3)
  21 centaurs
  15 wolves
  15 crocodiles
  14 bullfrogs
  4 big kobolds
  3 earth elementals
  Dowan (D:6)
  4 scorpions
  42 killer bees
  8 wights
  8 howler monkeys
  8 crimson imps
  A quasit (D:5)
  A bullfrog zombie (D:13)
  2 centaur zombies
  8 jellies
  7 hounds
  3 bullfrog skeletons
  38 orc priests
  Crazy Yiuf (D:7)
  6 centaur skeletons
  8 iguanas
  Ijyb (D:4)
  12 worker ants
  40 orc wizards
  2 hell rats (Lair:4)
  2 hound zombies
  2 gnolls
  18 adders
  2 shadow imps
  An ufetubus (Abyss:3)
  6 oozes
  An adder skeleton (D:6)
  4 worms (D:2)
  2 dart slugs (D:1)
  7 leopard geckos
  141 orcs
  4 bats
  7 giant cockroaches
  11 goblins
  11 hobgoblins
  11 jackals
  7 quokkas
  4 ball pythons
  6 frilled lizards
  A jackal zombie (D:3)
  24 kobolds
  2 leopard gecko skeletons
  A quokka zombie (D:9)
  9 rats
  A butterfly (D:5)
  6 crawling corpses (Elf:3)
  3 fungi
  15 plants
1533 creatures vanquished.

Vanquished Creatures (collateral kills)
  2 deep elf annihilators (Elf:3)
  A deep elf death mage (Elf:3)
  A dancing weapon (Elf:3)
  A deep elf archer (Elf:3)
  A crawling corpse (Elf:3)
6 creatures vanquished.

Vanquished Creatures (others)
  A deep elf annihilator (Elf:3)
  A centaur warrior (D:15)
  5 satyrs
  A deep elf knight (Elf:1)
  Sonja (D:14)
  7 deep elf archers
  3 deep elf magi
  An ugly thing (Vaults:1)
  A cyclops (D:15)
  An orb spider (Spider:1)
  A manticore (Shoals:4)
  4 fauns
  A merfolk siren (Shoals:3)
  A human (Spider:1)
  A slime creature (Vaults:1)
  A snapping turtle (Shoals:3)
  5 centaurs
  7 kobolds (Bailey)
  31 fungi
  105 plants
179 creatures vanquished.

Grand Total: 1718 creatures vanquished

Notes
Turn   | Place    | Note
-------+----------+-------------------------------------------
     0 | D:1      | wolfsongas the Demonspawn Fighter began the quest for the Orb.
     0 | D:1      | Reached XP level 1. HP: 18/18 MP: 1/1
   112 | D:1      | Gained mutation: You are partially covered in sharp spines. [demonic ancestry]
   112 | D:1      | Reached XP level 2. HP: 20/24 MP: 2/2
   506 | D:1      | Reached XP level 3. HP: 29/29 MP: 3/3
   831 | D:1      | You fall through a shaft!
  1516 | D:2      | Reached XP level 4. HP: 31/35 MP: 4/4
  2050 | D:3      | Found a runed door.
  2050 | D:3      | Noticed a human
  2053 | D:3      | Found a basalt altar of Yredelemnul.
  2330 | D:3      | Noticed sambo's ghost (amateur MfSk)
  2344 | D:3      | Killed sambo's ghost
  2344 | D:3      | Reached skill level 5 in Axes
  2344 | D:3      | Reached skill level 1 in Dodging
  2344 | D:3      | Gained mutation: You regenerate a little health from kills. [demonic ancestry]
  2344 | D:3      | Reached XP level 5. HP: 28/41 MP: 5/5
  2366 | D:3      | Killed a human
  2366 | D:3      | Gained mutation: You regenerate health from kills. [demonic ancestry]
  2366 | D:3      | Reached XP level 6. HP: 36/47 MP: 6/6
  2830 | D:3      | Found a faded altar of an unknown god.
  2844 | D:3      | Became a worshipper of Cheibriados the Contemplative
  2844 | D:3      | Reached * piety under Cheibriados
  2988 | D:4      | Found Soprilac's Antique Weapon Boutique.
  3029 | D:4      | Reached skill level 1 in Stealth
  3035 | D:4      | Gained mutation: You have a pair of small horns on your head. [demonic ancestry]
  3035 | D:4      | Reached XP level 7. HP: 28/52 MP: 7/7
  3112 | D:4      | Found Yfromaos's Weapon Shop.
  3467 | D:4      | Noticed wolfsongas's ghost (novice MiFi)
  3477 | D:4      | Killed wolfsongas's ghost
  3477 | D:4      | Gained mutation: You are partially covered in iridescent scales. (AC +2) [demonic ancestry]
  3477 | D:4      | Reached XP level 8. HP: 37/59 MP: 8/8
  3635 | D:4      | Reached ** piety under Cheibriados
  3773 | D:4      | Noticed Ijyb
  3785 | D:4      | Killed Ijyb
  3852 | D:4      | Found Ywnolek's Armour Shop.
  4053 | D:5      | Entered Level 5 of the Dungeon
  4086 | D:5      | Found a staircase to the Ecumenical Temple.
  4580 | D:5      | Reached *** piety under Cheibriados
  4647 | D:5      | Found Coplupne's Armour Shoppe.
  4963 | D:4      | Bought a transparent short sword for 224 gold pieces
  4963 | D:4      | Identified the +7 short sword "Jussat" {pierce, rPois} (You bought it in a shop on level 4 of the Dungeon)
  5087 | D:6      | Noticed Duvessa
  5088 | D:6      | Noticed Dowan
  5091 | D:6      | Killed Duvessa
  5091 | D:6      | Reached XP level 9. HP: 62/66 MP: 9/9
  5095 | D:6      | Killed Dowan
  5097 | D:6      | Reached skill level 5 in Fighting
  5345 | D:6      | Reached skill level 1 in Invocations
  5572 | D:6      | Reached **** piety under Cheibriados
  5834 | D:7      | Reached skill level 5 in Armour
  6277 | D:7      | Reached ***** piety under Cheibriados
  6289 | D:7      | Reached skill level 10 in Axes
  6767 | D:7      | Found a runed door.
  6771 | D:7      | Noticed Crazy Yiuf
  6774 | D:7      | Killed Crazy Yiuf
  6776 | D:7      | Got an encrusted mace
  6777 | D:7      | Identified the +6 mace of the Ghost {freeze, *Contam rElec rPois SInv} (You found it on level 7 of the Dungeon)
  6844 | D:8      | Reached skill level 1 in Maces & Flails
  6874 | D:8      | Noticed Erica
  6880 | D:8      | Killed Erica
  6880 | D:8      | Reached XP level 10. HP: 67/76 MP: 11/11
  6971 | D:8      | Found a shimmering altar of Xom.
  7496 | D:9      | Noticed Gastronok
  7506 | D:9      | Killed Gastronok
  7506 | D:9      | Reached skill level 5 in Maces & Flails
  7588 | D:9      | Noticed Erolcha
  7593 | D:9      | Killed Erolcha
  7634 | D:9      | Gained mutation: You are mostly covered in iridescent scales. (AC +4) [demonic ancestry]
  7634 | D:9      | Reached XP level 11. HP: 83/83 MP: 12/12
  7814 | D:9      | Noticed Maurice
  7821 | D:9      | Killed Maurice
  7901 | D:9      | Noticed a two-headed ogre
  7906 | D:9      | Killed a two-headed ogre
  8105 | D:10     | Entered Level 10 of the Dungeon
  8265 | D:10     | Noticed a two-headed ogre
  8270 | D:10     | Killed a two-headed ogre
  8270 | D:10     | Reached ****** piety under Cheibriados
  8525 | D:10     | Found a staircase to the Orcish Mines.
  8671 | D:10     | Found Xeicas's Distillery.
  8679 | D:10     | Bought a potion of mutation for 104 gold pieces
  8679 | D:10     | Gained mutation: You tend to lose your temper in combat. [potion of mutation]
  8679 | D:10     | Gained mutation: Your muscles are strong. (Str +2) [potion of mutation]
  8679 | D:10     | Gained mutation: Your natural rate of healing is unusually fast. [potion of mutation]
  8703 | D:10     | You fall through a shaft!
  8703 | D:11     | Found a flagged portal.
  8712 | Bailey   | Entered a bailey
  8722 | Bailey   | Noticed Wingnut's ghost (novice MiFi)
  8733 | Bailey   | Killed Wingnut's ghost
  8859 | Bailey   | Found a burning altar of Makhleb.
  9308 | D:11     | Noticed a centaur warrior
  9312 | D:11     | Killed a centaur warrior
  9368 | D:11     | Noticed a five-headed hydra
  9375 | D:11     | Killed a five-headed hydra
  9375 | D:11     | Reached skill level 10 in Maces & Flails
  9456 | D:11     | Gained mutation: You are mostly covered in sharp spines. [demonic ancestry]
  9456 | D:11     | Reached XP level 12. HP: 64/91 MP: 13/13
  9618 | D:11     | Found a glowing golden altar of the Shining One.
  9781 | D:11     | Found a staircase to the Lair.
 10598 | D:12     | Noticed a two-headed ogre
 10603 | D:12     | Killed a two-headed ogre
 10651 | D:12     | Noticed a two-headed ogre
 10655 | D:12     | Killed a two-headed ogre
 10898 | D:12     | Noticed a five-headed hydra
 10905 | D:12     | Killed a five-headed hydra
 11353 | D:13     | Noticed a two-headed ogre
 11354 | D:13     | Noticed a centaur warrior
 11357 | D:13     | Killed a two-headed ogre
 11359 | D:13     | Killed a centaur warrior
 11410 | D:13     | Reached XP level 13. HP: 69/98 MP: 14/14
 11688 | D:13     | Reached skill level 3 in Shields
 11846 | D:14     | Found a labyrinth entrance.
 11872 | Lab      | Entered a labyrinth
 12148 | Lab      | Noticed a minotaur
 12160 | Lab      | Killed a minotaur
 12163 | Lab      | Got an encrusted flail {freeze}
 12164 | Lab      | Identified the +10 flail of Crystal {freeze, +Fly MP+9} (You took it off a minotaur in a labyrinth)
 12173 | Lab      | Got a flickering wooden ring
 12173 | Lab      | Got a warped copper ring
 12178 | Lab      | Identified the ring of Kassif {rF+ Str+3} (You found it in a labyrinth)
 12180 | Lab      | Identified the ring "Waptuts" {EV+1 Str+3} (You found it in a labyrinth)
 12233 | D:14     | Reached skill level 4 in Shields
 12337 | D:14     | Reached skill level 5 in Shields
 12418 | D:14     | Noticed Roxanne
 12595 | D:14     | Got an ichor-stained chain mail
 12704 | D:14     | Noticed Sonja
 12708 | D:14     | Killed Sonja
 12743 | D:14     | Identified the +5 chain mail of Philately {*Contam rElec Regen+ Slay+3} (You found it on level 14 of the Dungeon)
 12896 | D:14     | Found a gate to the Vaults.
 12905 | D:14     | Reached skill level 6 in Shields
 12948 | D:14     | Reached skill level 7 in Shields
 13267 | D:15     | Entered Level 15 of the Dungeon
 13443 | D:15     | Gained mutation: You regenerate a lot of health from kills. [demonic ancestry]
 13443 | D:15     | Reached XP level 14. HP: 102/108 MP: 15/15
 13859 | D:15     | Reached skill level 10 in Armour
 13859 | D:15     | Reached skill level 8 in Shields
 13863 | D:15     | Found a staircase to the Depths.
 14290 | Lair:1   | Entered Level 1 of the Lair of Beasts
 14502 | Lair:1   | Reached skill level 5 in Dodging
 15106 | Lair:2   | Reached skill level 10 in Fighting
 15106 | Lair:2   | Reached skill level 9 in Shields
 15161 | Lair:2   | Found a hole to the Spider Nest.
 15182 | Lair:2   | Identified a scroll of acquirement
 15183 | Lair:2   | Got a transparent cloak
 15194 | Lair:2   | Identified the +0 cloak of Gopperr {rF+ rC+ Str+5 SInv} (You acquired it on level 2 of the Lair of Beasts)
 15341 | Lair:2   | Found a staircase to the Shoals.
 16105 | Lair:3   | Reached skill level 10 in Shields
 16676 | Lair:4   | Gained mutation: You are completely covered in iridescent scales. (AC +6) [demonic ancestry]
 16676 | Lair:4   | Reached XP level 15. HP: 117/117 MP: 10/16
 16698 | Lair:4   | Got a steaming glass ring
 16703 | Lair:4   | Identified the ring of Upsie {rCorr rF+ rN+++ Dex-4 Slay+2} (You found it on level 4 of the Lair of Beasts)
 16750 | Lair:4   | Reached skill level 11 in Shields
 18277 | Lair:5   | Noticed Urug
 18288 | Lair:5   | Killed Urug
 18288 | Lair:5   | Reached skill level 12 in Shields
 18444 | Lair:6   | Entered Level 6 of the Lair of Beasts
 18615 | Lair:6   | Found a staircase to the Slime Pits.
 19164 | Lair:6   | Found a burning altar of Makhleb.
 19204 | Lair:6   | Found a gateway to Hell.
 19870 | Orc:1    | Entered Level 1 of the Orcish Mines
 20076 | Orc:1    | Noticed Snorg
 20088 | Orc:1    | Killed Snorg
 20088 | Orc:1    | Reached skill level 13 in Shields
 20355 | Orc:2    | Entered Level 2 of the Orcish Mines
 20732 | Orc:2    | Noticed an orc warlord
 20754 | Orc:2    | Gained mutation: You resist negative energy. (rN+) [demonic ancestry]
 20754 | Orc:2    | Reached XP level 16. HP: 103/127 MP: 17/17
 21044 | Orc:2    | Found Eson's Magic Scroll Shoppe.
 21056 | Orc:2    | Bought a scroll of identify for 32 gold pieces
 21056 | Orc:2    | Bought a scroll of identify for 32 gold pieces
 21056 | Orc:2    | Bought a scroll of identify for 32 gold pieces
 21056 | Orc:2    | Bought a scroll of identify for 32 gold pieces
 21097 | Orc:2    | Found a roughly hewn altar of Beogh.
 21142 | Orc:2    | Found Obood's Antique Weapon Emporium.
 21153 | Orc:2    | Bought a twisted dire flail for 216 gold pieces
 21153 | Orc:2    | Identified the +5 dire flail "Recvakhlu" {holy, SInv Stlth+} (You bought it in a shop on level 2 of the Orcish Mines)
 21281 | Orc:2    | Found a roughly hewn altar of Beogh.
 21319 | Orc:2    | Paralysed by an orc sorcerer for 5 turns
 21374 | Orc:2    | Found Kakhuseo's Book Boutique.
 21393 | Orc:2    | Found Xuicotio's Antique Weapon Shop.
 21616 | Orc:2    | Found a staircase to the Elven Halls.
 22007 | Spider:1 | Entered Level 1 of the Spider Nest
 22256 | Spider:1 | Noticed Kirke
 22264 | Spider:1 | Reached skill level 14 in Shields
 22274 | Spider:1 | Killed Kirke
 22306 | Spider:2 | Noticed Arachne
 22346 | Spider:2 | Killed Arachne
 22840 | Spider:3 | Got a polished hat
 22841 | Spider:3 | Identified the +2 hat "Emeasoap" {Stlth+} (You acquired it on level 3 of the Spider Nest)
 23382 | Spider:4 | Entered Level 4 of the Spider Nest
 23392 | Spider:4 | Reached skill level 15 in Shields
 23520 | Spider:4 | Reached XP level 17. HP: 121/135 MP: 15/18
 23564 | Spider:4 | Noticed Saba's ghost (adept CeHu)
 23828 | Spider:4 | Reached skill level 16 in Shields
 23956 | Spider:4 | Killed Saba's ghost
 24198 | Spider:4 | Got a gossamer rune of Zot
 24892 | Spider:1 | Got a wavering ivory amulet
 24924 | Spider:1 | Identified the amulet of Degruqut {Spirit +Inv rN+} (You found it on level 1 of the Spider Nest)
 25153 | Shoals:1 | Entered Level 1 of the Shoals
 25475 | Shoals:4 | Entered Level 4 of the Shoals
 25487 | Shoals:4 | Noticed Jorgrun
 25508 | Shoals:4 | Killed Jorgrun
 25516 | Shoals:4 | Found Petej's Gadget Shop.
 25695 | Shoals:4 | Reached skill level 17 in Shields
 25912 | Shoals:4 | Got a barnacled rune of Zot
 25934 | Shoals:4 | Noticed Louise
 25957 | Shoals:4 | Killed Louise
 26003 | Shoals:4 | Reached XP level 18. HP: 143/143 MP: 19/19
 26386 | Elf:1    | Entered Level 1 of the Elven Halls
 26703 | Elf:1    | Reached skill level 18 in Shields
 26714 | Elf:1    | Found a roughly hewn altar of Beogh.
 27098 | Elf:2    | Found Daecifyxt's Weapon Emporium.
 27150 | Elf:2    | Found a runed gate.
 27150 | Elf:2    | Found a runed gate.
 27151 | Elf:2    | Found a runed gate.
 27170 | Elf:2    | Found a radiant altar of Vehumet.
 27970 | Elf:2    | Reached skill level 19 in Shields
 28201 | Elf:2    | Gained mutation: You are somewhat able to resist unholy torments (1 in 2 success). [demonic ancestry]
 28201 | Elf:2    | Reached XP level 19. HP: 151/151 MP: 20/20
 28489 | Elf:2    | Found a radiant altar of Vehumet.
 28668 | Elf:3    | Entered Level 3 of the Elven Halls
 28910 | Elf:3    | Reached skill level 5 in Invocations
 29029 | Elf:3    | Reached skill level 20 in Shields
 29204 | Elf:3    | Identified the Compendium of Toxins and Calling
 29374 | Elf:3    | Got an ancient mace
 29375 | Elf:3    | Identified the +8 mace of Expedience {crush, rF+ rN+} (You found it on level 3 of the Elven Halls)
 29384 | Elf:3    | Got a faintly humming chain mail
 29395 | Elf:3    | Identified the +1 chain mail of the Voivode {MR+ Str-5 Int+4 SInv} (You found it on level 3 of the Elven Halls)
 30209 | Elf:1    | Reached XP level 20. HP: 159/159 MP: 26/26
 30879 | Vaults:1 | Entered Level 1 of the Vaults
 31081 | Vaults:1 | Found Tanail's Food Boutique.
 31490 | Vaults:1 | Noticed Nikola
 31546 | Vaults:1 | Cast into level 3 of the Abyss (vault warden)
 31567 | Abyss:3  | HP: 6/160 [merfolk impaler/trident of venom (12)]
 31569 | Abyss:3  | Mangled by a thrashing horror

Skill      XL: |  1  2  3  4  5  6  7  8  9 10 11 12 13 14 15 16 17 18 19 20 |
---------------+-------------------------------------------------------------+-----
Axes           | 2 3 5 6 7 8 10 | 10.2
Dodging        | 1 2 3 4 5 6 |  6.5
Stealth        | 1 2 3 4 |  4.4
Armour         | 3 4 5 6 7 8 9 10 11 12 13 14 | 14.2
Fighting       | 4 6 7 8 9 10 11 12 13 14 | 14.4
Invocations    | 1 2 8 9 |  9.8
Maces & Flails | 2 6 10 12 13 | 13.0
Shields        | 7 10 13 15 17 19 20 | 20.6
Evocations     | |  0.8

Action                   |  1- 3 |  4- 6 |  7- 9 | 10-12 | 13-15 | 16-18 | 19-21 || total
-------------------------+-------+-------+-------+-------+-------+-------+-------++-------
Melee: War axe           |   111 |    76 |   240 |       |       |       |       ||   427
       Headbutt          |       |       |    67 |   170 |   477 |   409 |   170 ||  1293
       Mace              |       |       |    15 |   457 |  1294 |  1282 |   523 ||  3571
Invok: Bend Time         |       |       |     1 |     1 |     1 |     4 |       ||     7
       Slouch            |       |       |       |       |     1 |    21 |    17 ||    39
       Temporal Distorti |       |       |       |       |       |     4 |       ||     4
Evoke: Wand              |       |       |       |     1 |     4 |     2 |       ||     7
  Use: Potion            |     6 |     2 |       |     2 |     7 |    10 |     7 ||    34
       Scroll            |     5 |     2 |     2 |     9 |    14 |    21 |     9 ||    62
 Stab: Invisible         |       |       |       |       |       |     1 |       ||     1
       Distracted        |       |       |       |       |       |       |     1 ||     1
  Eat: Bread ration      |     2 |       |     1 |       |     2 |     1 |     1 ||     7
       Royal jelly       |       |     1 |     1 |     3 |       |       |       ||     5
       Meat ration       |       |       |       |     1 |     3 |     3 |     2 ||     9
Armor: Scale mail        |    51 |    31 |    70 |       |       |       |       ||   152
       Plate armour      |       |       |       |   152 |   354 |   678 |    68 ||  1252
       Crystal plate arm |       |       |       |       |       |       |   253 ||   253
Dodge: Dodged            |    16 |    19 |    94 |   117 |   368 |   556 |   203 ||  1373
Block: Shield            |    53 |    36 |   171 |   483 |  1380 |  1665 |       ||  3788
       Reflection        |       |       |     1 |    69 |    42 |   198 |    67 ||   377
       Large shield      |       |       |       |       |       |   524 |   926 ||  1450
